 Dungeon Crawl Stone Soup version 0.24.0-37-gcf1ca852f1 (webtiles) character file.

Game seed: 6287550066587751681, levelgen mode: deterministic

536 MisterOstroum the Caller (level 7, -5/52 HPs)
             Began as a Human Summoner on Nov 30, 2019.
             Slain by an ice beast (12 damage)
             ... on level 5 of the Dungeon.
             The game lasted 00:16:24 (7489 turns).

MisterOstroum the Caller (Human Summoner)           Turns: 7489, Time: 00:16:24

Health: -5/52      AC:  2    Str:  8    XL:     7   Next: 50%
Magic:  1/12       EV: 12    Int: 18    God:
Gold:   295        SH:  0    Dex: 11    Spells: 4/12 levels left

rFire    . . .     SeeInvis .   w - +2 whip (elec)
rCold    . . .     Gourm    +   (no shield)
rNeg     . . .     Faith    .   o - +0 robe
rPois    .         Spirit   .   (no helmet)
rElec    .         Reflect  .   (no cloak)
rCorr    .         Harm     .   (no gloves)
MR       .....                  (no boots)
Stlth    ++........             r - amulet of the gourmand
HPRegen  0.17/turn              C - -2 ring of dexterity (curse)
MPRegen  0.13/turn              x - ring of wizardry

@: very slightly contaminated
A: no striking features
a: no special abilities


You were on level 5 of the Dungeon.
You were very full.

You visited 1 branch of the dungeon, and saw 5 of its levels.
You also visited: Sewer.

You collected 295 gold pieces.

Inventory:

Hand Weapons
 a - a +0 dagger
 b - a +0 hunting sling
 w - a +2 whip of electrocution (weapon)
 y - a +0 rapier
Missiles
 d - 12 bolts
 h - 25 arrows
 m - 33 poisoned darts
 p - 163 stones (quivered)
 u - a throwing net {!f}
 F - 16 sling bullets
Armour
 o - a +0 robe (worn)
Jewellery
 r - an amulet of the gourmand (around neck)
 x - a ring of wizardry (right hand)
 C - a cursed -2 ring of dexterity (left hand)
 D - a +5 ring of slaying {unknown}
Wands
 A - a wand of disintegration (4)
Scrolls
 f - a scroll of remove curse {unknown}
 g - 3 scrolls of amnesia
 j - 3 scrolls of blinking {@r4}
 k - 5 scrolls of teleportation {@r3 !r}
 s - a scroll of enchant weapon {unknown}
 E - a scroll of identify {@r1}
Potions
 c - 2 potions of might {unknown}
 i - 4 potions of curing
 l - 2 potions of heal wounds {@q2 !q}
 n - 2 potions of mutation
 q - a potion of haste {unknown}
 t - 2 potions of flight
 v - a potion of magic {unknown}
 B - a potion of degeneration {unknown}
 G - a potion of lignification {unknown}
Comestibles
 e - 9 rations


   Skills:
 - Level 3.0 Fighting
 - Level 0.3 Short Blades
 - Level 2.0 Dodging
 - Level 3.0 Stealth
 + Level 3.3 Spellcasting
 - Level 5.2 Summonings
 * Level 4.0 Ice Magic


You had 4 spell levels left.
You knew the following spells:

 Your Spells              Type           Power        Failure   Level  Hunger
a - Summon Small Mammal   Summ           ###.         1%          1    None
c - Call Canine Familiar  Summ           ###.....     2%          3    ###....
d - Summon Ice Beast      Ice/Summ       ###.....     9%          4    ####...

Your spell library contained the following spells:

 Spells                   Type           Power        Failure   Level  Hunger
 Call Imp                 Summ           ###.....     1%          2    ##.....
 Summon Guardian Golem    Hex/Summ       ##......     6%          3    ###....
 Summon Lightning Spire   Summ/Air       ##......     21%         4    ####...


Dungeon Overview and Level Annotations

Branches:
Dungeon (5/15)              Sewer (visited)
 Temple: D:4-7

Altars:
Ashenzari
Okawaru


Message History

Casting: Summon Ice Beast (safe; 9% risk of failure)
Confirm with . or Enter, or press ? or * to list all spells.
You miscast Summon Ice Beast.
Shadowy shapes form in the air around you, then vanish.
The ice beast closely misses you.
Your ice beast hits the ice beast but does no damage.
Your ice beast hits the ice beast but does no damage.
The ice beast misses you.
Your ice beast hits the ice beast.
Your ice beast freezes the ice beast.
The ice beast completely resists.
Your ice beast hits the ice beast but does no damage.
Casting: Summon Ice Beast (safe; 9% risk of failure)
Confirm with . or Enter, or press ? or * to list all spells.
A chill wind blows around you.
The ice beast hits you but does no damage.
Your ice beast hits the ice beast but does no damage.
Your ice beast barely misses the ice beast.
You closely miss the ice beast. The ice beast completely misses you.
Your ice beast barely misses the ice beast.
Your ice beast hits the ice beast.
Your ice beast freezes the ice beast.
The ice beast completely resists.
You barely miss the ice beast.
The ice beast is lightly wounded.
The ice beast barely misses you.
Your ice beast closely misses the ice beast.
Your ice beast hits the ice beast.
Your ice beast freezes the ice beast.
The ice beast completely resists.
The ice beast hits you. The ice beast freezes you!
You barely miss the ice beast.
The ice beast is lightly wounded.
Your ice beast completely misses the ice beast.
Your ice beast hits the ice beast.
Your ice beast freezes the ice beast.
The ice beast completely resists.
The ice beast hits you. The ice beast freezes you!
Your ice beast barely misses the ice beast. x2
Your ice beast barely misses the ice beast.
The ice beast closely misses you.
Your ice beast hits the ice beast but does no damage.
Your ice beast misses the ice beast.
Your ice beast disappears in a puff of smoke!
Your ice beast closely misses the ice beast.
The ice beast hits you but does no damage.
Your ice beast closely misses the ice beast.
Your ice beast disappears in a puff of smoke!
Your magical contamination has completely faded away.
You see here a whip.
There is a stone staircase leading up here.
The ice beast misses you.
There is a stone staircase leading up here.
You climb upwards.
There is a stone staircase leading down here.
HP restored.
There is a stone staircase leading down here.
You climb downwards.
There is a stone staircase leading up here.
Things that are here:
a cursed +0 chain mail; a +0 hand axe You see here a +0 dagger.
The ice beast is too close now for your liking.
An ice beast is nearby!
Casting: Summon Ice Beast (safe; 9% risk of failure)
Confirm with . or Enter, or press ? or * to list all spells.
A chill wind blows around you.
Casting: Summon Ice Beast (safe; 9% risk of failure)
Confirm with . or Enter, or press ? or * to list all spells.
You miscast Summon Ice Beast.
You are very lightly contaminated with residual magic.
Your hands feel numb with cold.
Casting: Summon Ice Beast (safe; 9% risk of failure)
Confirm with . or Enter, or press ? or * to list all spells.
You miscast Summon Ice Beast.
Nothing appears to happen.
Your ice beast barely misses the ice beast.
The ice beast closely misses you.
Your ice beast hits the ice beast.
Your ice beast freezes the ice beast.
The ice beast completely resists.
You closely miss the ice beast.
The ice beast is lightly wounded.
The ice beast hits you. The ice beast freezes you!
Your ice beast hits the ice beast but does no damage.
You hit the ice beast but do no damage.
The ice beast is lightly wounded.
The ice beast hits you but does no damage.
Your ice beast hits the ice beast.
Your ice beast freezes the ice beast.
The ice beast completely resists.
You closely miss the ice beast.
The ice beast is lightly wounded.
The ice beast hits you. The ice beast freezes you!
Your ice beast hits the ice beast.
Your ice beast freezes the ice beast.
The ice beast completely resists.
You are too injured to fight recklessly!
You closely miss the ice beast.
The ice beast is moderately wounded.
The ice beast hits you. The ice beast freezes you!
* * * LOW HITPOINT WARNING * * *
Your ice beast hits the ice beast.
Your ice beast freezes the ice beast.
The ice beast completely resists.
Your ice beast completely misses the ice beast.
The ice beast hits you.
* * * LOW HITPOINT WARNING * * *
The ice beast freezes you!
You die...

#....................#
#....................#
#....................#
#....................#
#....................# ***
##...................# *,**
#....Y........<.....#
**,#####....Y......[......##
**.........@.............#
**##....................#
##...................#
##..................##
#...................##
#.................#...
#.................##..
#................####.
#...........###### ##.


You could see an ice beast and a friendly ice beast.

Vanquished Creatures
  A jelly (D:5)
  An orc priest (D:5)
  A worker ant (D:4)
  3 hound skeletons
  3 adders
  2 oozes
  A dart slug (D:1)
  10 leopard geckos
  4 orcs
  6 ball pythons (Sewer)
  15 giant cockroaches
  5 goblins
  2 hobgoblins
  2 jackals
  3 bats
  11 frilled lizards
  2 kobolds
  A quokka skeleton (D:4)
  9 rats
82 creatures vanquished.

Vanquished Creatures (collateral kills)
  Menkaure (D:4)
  A bullfrog (Sewer)
  A scorpion (D:5)
  A crimson imp (D:5)
  A worker ant (D:4)
  8 adders
  3 oozes (Sewer)
  4 worms
  4 leopard geckos (Sewer)
  2 orcs (D:5)
  3 giant cockroaches
  5 goblins
  3 hobgoblins
  2 jackals
  5 kobolds
  2 quokkas
  7 ball pythons
  A bat (D:3)
  6 frilled lizards
  3 rats
63 creatures vanquished.

Grand Total: 145 creatures vanquished

Notes
Turn   | Place    | Note
-------+----------+-------------------------------------------
     0 | D:1      | MisterOstroum the Human Summoner began the quest for the
                  | Orb.
     0 | D:1      | Reached XP level 1. HP: 13/13 MP: 3/3
    76 | D:1      | Reached skill level 1 in Fighting
   141 | D:1      | Reached XP level 2. HP: 21/21 MP: 5/5
   784 | D:1      | Reached XP level 3. HP: 17/27 MP: 3/6
   990 | D:1      | Learned a level 3 spell: Call Canine Familiar
  2002 | D:2      | Reached XP level 4. HP: 32/33 MP: 7/7
  2526 | D:2      | Found a faded altar of an unknown god.
  3579 | D:3      | Reached XP level 5. HP: 15/39 MP: 1/8
  4516 | D:4      | Found a shattered altar of Ashenzari.
  4585 | D:4      | Found an iron altar of Okawaru.
  4634 | D:4      | Reached skill level 5 in Summonings
  4677 | D:4      | Found a glowing drain.
  4691 | D:4      | Learned a level 4 spell: Summon Ice Beast
  4778 | Sewer    | Entered a sewer
  5393 | Sewer    | Reached skill level 1 in Ice Magic
  5405 | Sewer    | Reached XP level 6. HP: 41/47 MP: 5/9
  6102 | D:4      | Noticed Menkaure
  6116 | D:4      | Killed Menkaure
  6118 | D:4      | Reached XP level 7. HP: 52/52 MP: 1/11
  6406 | D:5      | Entered Level 5 of the Dungeon
  7489 | D:5      | Slain by an ice beast

Levels and vault maps discovered:
D:1:      dpeg_arrival_stonehenge_12_columns, layout_rooms
D:2:      layout_basic, chequers_ecumenical_altar_twisty, minmay_bisected
D:3:      layout_loops_ring, serial_park_tiny_2
D:4:      layout_basic, kennysheep_okawaru_gauntlet, portal_sewer_entry_f,
          glass_columns_a, cheibrodos_ashenzari_chains, uniq_menkaure
D:5:      layout_layer_cave, first_ration

Skill      XL: |  1  2  3  4  5  6  7 |
---------------+----------------------+-----
Fighting       | 1 2 3 |  3.0
Stealth        | 3 |  3.0
Summonings     | 5 |  5.2
Ice Magic      | 1 3 4 |  4.0
Spellcasting   | 3 |  3.3
Short Blades   | |  0.3
Dodging        | |  2.0

Action                   |  1- 3 |  4- 6 |  7- 9 || total
-------------------------+-------+-------+-------++-------
Melee: Unarmed           |     6 |       |       ||     6
       Dagger            |    62 |    96 |     1 ||   159
       Club              |    10 |       |       ||    10
       Whip              |       |   128 |    49 ||   177
 Fire: Hunting sling     |    65 |       |       ||    65
Throw: Stone             |       |     1 |       ||     1
 Cast: Summon Small Mamm |    11 |    22 |     6 ||    39
       Call Canine Famil |     6 |    21 |     1 ||    28
       Summon Ice Beast  |       |     1 |     5 ||     6
Evoke: Wand              |       |     1 |       ||     1
  Use: Scroll            |       |     7 |     1 ||     8
       Potion            |       |     1 |       ||     1
 Stab: Sleeping          |     1 |     4 |     1 ||     6
  Eat: Chunk             |     5 |    31 |     5 ||    41
Armor: Robe              |    21 |    66 |    11 ||    98
Dodge: Dodged            |    80 |   205 |    34 ||   319
